 Dungeon Crawl Stone Soup version 0.29.1-15-g9cfb28693d (webtiles) character file.

Game seed: 8946634595977699548

1 Ihaveafatcat the Caller (level 1, -4/13 HPs)
             Began as a Merfolk Summoner on Mar 29, 2023.
             Slain by a quokka (5 damage)
             ... on level 1 of the Dungeon.
             The game lasted 00:01:16 (506 turns).

Ihaveafatcat the Caller (Merfolk Summoner)           Turns: 506, Time: 00:01:17

Health: -4/13      AC:  2    Str:  8    XL:     1   Next: 20%
Magic:  3/3        EV: 12    Int: 14    God:
Gold:   0          SH:  0    Dex: 14    Spells: 3/4 levels left

rFire   . . .      SeeInvis .   f - +0 short sword
rCold   . . .      Faith    .   (no shield)
rNeg    . . .      Spirit   .   a - +0 robe
rPois   .          Reflect  .   (no helmet)
rElec   .          Harm     .   (no cloak)
rCorr   .          Rampage  .   (no gloves)
Will    .....                   (no boots)
Stlth   ++........              (no amulet)
HPRegen 0.04/turn               (no ring)
MPRegen 0.08/turn               (no ring)

@: no status effects
A: (nimble swimmer 2), mertail
a: no special abilities


You were on level 1 of the Dungeon.
You visited 1 branch of the dungeon, and saw 1 of its levels.

Inventory:

Hand Weapons
 f - a +0 short sword (weapon)
Armour
 a - a +0 robe (worn)
Scrolls
 c - a scroll of butterflies {unknown}
 d - a scroll of silence {unknown}
 e - a scroll of brand weapon {unknown}
Potions
 b - a potion of magic


   Skills:
 + Level 2.7 Dodging
 + Level 2.2 Stealth
 + Level 2.0 Spellcasting
 + Level 4.0 Summonings


You had 3 spell levels left.
You knew the following spells:

 Your Spells              Type           Power      Damage    Failure   Level
a - Summon Small Mammal   Summ           48%        N/A       4%          1

Your spell library contained the following spells:

 Spells                   Type           Power      Damage    Failure   Level
 Call Imp                 Summ           12%        N/A       7%          2
 Call Canine Familiar     Summ           12%        N/A       14%         3
 Summon Guardian Golem    Hex/Summ       7%         N/A       30%         3
 Summon Lightning Spire   Summ/Air       7%         N/A       71%         4


Dungeon Overview and Level Annotations

Branches:
Dungeon (1/15)

Altars:


Innate Abilities, Weirdness & Mutations

((You are very nimble when in or above water. (Stealth+, EV+, Speed+++)))
Your lower body shifts to a powerful aquatic tail in water.


Message History

The quokka bites you.
You closely miss the quokka.
The quokka is moderately wounded.
The quokka barely misses you. The quokka closely misses you.
You hit the quokka but do no damage.
The quokka is moderately wounded.
The quokka barely misses you.
You hit the quokka but do no damage.
The quokka is moderately wounded.
The quokka misses you. The quokka bites you.
You barely miss the quokka.
The quokka is moderately wounded.
The quokka barely misses you.
You hit the quokka but do no damage.
The quokka is moderately wounded.
The quokka barely misses you.
You barely miss the quokka.
The quokka is moderately wounded.
The quokka closely misses you.
A quokka is nearby!
You are too injured to fight recklessly!
A quokka is nearby!
You are too injured to fight recklessly!
A quokka is nearby!
You are too injured to fight recklessly!
You are too injured to fight recklessly!
You closely miss the quokka.
The quokka is moderately wounded.
The quokka misses you. The quokka bites you.
* * * LOW HITPOINT WARNING * * *
You barely miss the quokka.
The quokka is lightly wounded.
The quokka barely misses you.
You hit the quokka but do no damage.
The quokka bites you but does no damage.
The quokka barely misses you.
You hit the quokka but do no damage.
The quokka twitches its whiskers.
The quokka bites you.
You die...

#.#. #.# ##.#. #.# #....
#.# #..#. #.# #..#. #.#
#..#. #.# #..#.
#########.# #..#.
......r@..###### #..#.
..####.##......#####..##
#.#.#............##
...#.####.###......
....#. #.# #.#.... ..###
#. #.# #.##### .# #.
#.###.##### ## ..
#...)...... #.
#####.#####


You could see a quokka.

Vanquished Creatures
  A kobold (D:1)
  A rat (D:1)
2 creatures vanquished.

Notes
Turn   | Place    | Note
-------+----------+-------------------------------------------
     0 | D:1      | Ihaveafatcat the Merfolk Summoner began the quest for the
                  | Orb.
     0 | D:1      | Reached XP level 1. HP: 13/13 MP: 3/3
   506 | D:1      | Slain by a quokka

Illustrated notes

Levels and vault maps discovered:
D:1:      lightli_arrival_noodles, layout_loops_ring

Action                   || total
-------------------------++-------
Melee: Unarmed           ||    28
       Short sword       ||    13
 Cast: Summon Small Mamm ||     2
Armor: Robe              ||     7
Dodge: Dodged            ||    28
